 Dungeon Crawl Stone Soup version 0.31-a0-986-g5e6e4ef867 (webtiles) character file.

Game seed: 12038306258495603562

196 Lobster4 the Shooter (level 5, 0/46 HPs)
             Began as a Minotaur Hunter on Nov 5, 2023.
             Slain by a +6 dagger of Dim Light {spect, rC+ Str+5} (3 damage)
             ... created by a hobgoblin
             ... on level 3 of the Dungeon.
             The game lasted 00:05:24 (1908 turns).

Lobster4 the Shooter (Minotaur Hunter)              Turns: 1908, Time: 00:05:24

Health: 0/46       AC:  9    Str: 17    XL:     5   Next: 46%
Magic:  0/13       EV: 11    Int:  6    God:
Gold:   105        SH:  0    Dex: 16    Spells: 4/4 levels left

rFire   + . .        a - +0 shortbow
rCold   . . .        (shield currently unavailable)
rNeg    + . .        u - +3 scale mail {rF+}
rPois   .            (helmet restricted)
rElec   .            (no cloak)
rCorr   .            (no gloves)
SInv    .            (no boots)
Will    .....        p - amulet of guardian spirit Stlth
                     q - ring "Neat" {rN+ MP+9 Str+2}
HPRegen 0.27/turn    (no ring)
MPRegen 0.13/turn

%: guardian spirit
@: attractive, slowed, very slow
A: horns 2, retaliatory headbutt
a: no special abilities


You were on level 3 of the Dungeon.
You visited 1 branch of the dungeon, and saw 3 of its levels.

You collected 105 gold pieces.

Inventory:

Hand Weapons
 a - a +0 shortbow (weapon)
 b - a +0 short sword
 e - a +0 club
 g - a +0 mace
Missiles
 f - 3 stones
 n - 2 curare-tipped darts
Armour
 c - a +0 leather armour
 d - a +0 ring mail
 i - a +0 buckler
 u - a +3 scale mail of fire resistance (worn)
Jewellery
 j - an amulet of reflection
 p - an amulet of guardian spirit (around neck)
 q - the ring "Neat" (left hand) {rN+ MP+9 Str+2}
   (You found it on level 2 of the Dungeon)

   [ring of magical power]

   Str+2:     It affects your strength (+2).
   rN+:       It protects you from negative energy.
   MP+9:      It affects your magic capacity (+9).
Scrolls
 l - a scroll of noise {unknown}
 m - a scroll of teleportation {unknown}
 o - a scroll of identify {unknown}
 r - a scroll of fear {unknown}
 v - a scroll of poison {unknown}
Potions
 h - a potion of attraction
 k - a potion of resistance {unknown}
 s - a potion of curing {unknown}
 w - a potion of berserk rage {unknown}


   Skills:
 + Level 3.7 Fighting
 * Level 5.8 Ranged Weapons
 + Level 2.4 Armour
 + Level 3.4 Dodging
 - Level 1.0 Stealth


You had 4 spell levels left.
You didn't know any spells.
Your spell library was empty.

Dungeon Overview and Level Annotations

Branches:
Dungeon (3/15)

Altars:

Shops:
D:1 [

Annotations:
D:3 Ijyb, Natasha, Robin


Innate Abilities, Weirdness & Mutations

You have a pair of horns on your head.
You reflexively headbutt those who attack you in melee.


Message History

Natasha claws you.
* * * LOW HITPOINT WARNING * * *
It was a potion of attraction.
You feel attractive to monsters. The hobgoblin closely misses you.
The +6 dagger of Dim Light {spect, rC+ Str+5} closely misses you.
You furiously retaliate!
You headbutt the +6 dagger of Dim Light {spect, rC+ Str+5}.
The hobgoblin shares its spectral weapon's damage!
Natasha casts a spell.
The hobgoblin closely misses you.
The +6 dagger of Dim Light {spect, rC+ Str+5} hits you.
* * * LOW HITPOINT WARNING * * *
As you read the scroll of butterflies, it crumbles to dust.
You hear the flapping of tiny wings.
The +6 dagger of Dim Light {spect, rC+ Str+5} is knocked back by the sudden gust.
The cerulean imp is knocked back by the sudden gust.
Natasha is knocked back by the sudden gust.
The hobgoblin is knocked back by the sudden gust.
The hobgoblin hits your butterfly with the +6 dagger of Dim Light {spect, rC+ Str+5}.
Your butterfly dies!
Your butterfly disappears in a burst of colours!
The hobgoblin is attracted toward you.
The +6 dagger of Dim Light {spect, rC+ Str+5} is attracted toward you.
You swap places.
The cerulean imp hits you from afar with a +2 spear.
* * * LOW HITPOINT WARNING * * *
Natasha hisses.
Natasha barely misses your butterfly.
The +6 dagger of Dim Light {spect, rC+ Str+5} disappears.
The hobgoblin closely misses you.
The +6 dagger of Dim Light {spect, rC+ Str+5} hits you.
* * * LOW HITPOINT WARNING * * *
The cerulean imp misses you.
Natasha casts a spell.
The cerulean imp is attracted toward you.
A +6 dagger of Dim Light {spect, rC+ Str+5} comes into view.
The +6 dagger of Dim Light {spect, rC+ Str+5} completely misses you.
The +6 dagger of Dim Light {spect, rC+ Str+5} hits you.
You die...

.... .. ..... ...
.......##....
..##.............
#.##..........!#.
#.##b.......#....
#####.##....##.##..#
##...b.##....##.##..#
##...bbbbbbb..#..#...#
#..b..@(g5.bb...#..#.#.
#..bbbbbb..hb..........
###.b..bb5..b..#.......
#.bb.bbb##...........
#...b.b.##.###..h....
#.......#..# #.......
#.......#..# #.....##
#.......#... #.......
#.......#... ........


You could see a +6 dagger of Dim Light {spect, rC+ Str+5}, Natasha (ally
target), 2 cerulean imps and a hobgoblin (ally target).

Vanquished Creatures
  A hound (D:2)
  Terence (D:2)
  Natasha (D:3)
  4 adders (D:2)
  3 worms (D:2)
  2 dart slugs (D:1)
  4 bats
  8 endoplasms
  A giant cockroach (D:2)
  2 goblins (D:2)
  7 hobgoblins
  15 jackals
  3 kobolds (D:1)
  A quokka (D:2)
  3 ball pythons
  5 frilled lizards
  3 rats
64 creatures vanquished.

Notes
Turn   | Place    | Note
-------+----------+-------------------------------------------
     0 | D:1      | Lobster4 the Minotaur Hunter began the quest for the Orb.
     0 | D:1      | Reached XP level 1. HP: 18/18 MP: 0/0
    89 | D:1      | Found Fovem's Armour Emporium.
   123 | D:1      | Reached skill level 1 in Stealth
   123 | D:1      | Reached XP level 2. HP: 22/25 MP: 1/1
   225 | D:1      | Reached skill level 1 in Armour
   464 | D:1      | Reached XP level 3. HP: 26/30 MP: 2/2
  1130 | D:2      | Reached skill level 5 in Ranged Weapons
  1226 | D:2      | Reached XP level 4. HP: 38/38 MP: 3/3
  1320 | D:2      | Identified the ring "Neat" {rN+ MP+9 Str+2}
  1676 | D:3      | Noticed Natasha
  1737 | D:2      | Reached XP level 5. HP: 42/45 MP: 4/4
  1764 | D:3      | Noticed Ijyb
  1767 | D:3      | Noticed Terence
  1775 | D:3      | Noticed Robin
  1788 | D:2      | Killed Terence
  1864 | D:3      | Killed Natasha
  1874 | D:3      | Noticed Natasha
  1898 | D:3      | Identified the +6 dagger of Dim Light {spect, rC+ Str+5}
  1908 | D:3      | Slain by a +6 dagger of Dim Light {spect, rC+ Str+5}

Illustrated notes

Levels and vault maps discovered:
D:1:      mushboom_english_gardens, layout_loops_corners, serial_shops,
          nicolae_shop_scrapyard
D:2:      layout_rooms
D:3:      layout_rooms, mainiacjoe_overflow_alcove_2, serial_shops,
          nicolae_shop_overgrown_old_shop, nicolae_goblin_pals, uniq_natasha,
          uniq_terence

Skill      XL: |  1  2  3  4 |
---------------+-------------+-----
Stealth        | 1 |  1.0
Armour         | 1 2 |  2.4
Ranged Weapons | 5 |  5.8
Fighting       | 3 |  3.7
Dodging        | 3 |  3.4

Action                     |  1- 3 |  4- 6 || total
---------------------------+-------+-------++-------
   Fire: Shortbow          |   110 |    94 ||   204
    Use: Scroll            |       |     1 ||     1
         Potion            |       |     1 ||     1
 Armour: Ring mail         |    38 |    18 ||    56
         Scale mail        |       |    32 ||    32
  Dodge: Dodged            |    35 |    53 ||    88

Table legend: (Time is in decaauts)
 A = Elapsed time spent in this place.
 B = Non-inter-level travel time spent in this place.
 C = Inter-level travel time spent in this place.
 D = Time resting spent in this place.
 E = Time spent auto-exploring this place.
 F = Levels seen in this place.
 G = Mean time per level.
                   A        B        C        D        E       F      G
               +--------+--------+--------+--------+--------+-----+--------+
         Total |   1965 |   1843 |    122 |    103 |   1242 |   3 |  655.0 |
       Dungeon |   1965 |   1843 |    122 |    103 |   1242 |   3 |  655.0 |
               +--------+--------+--------+--------+--------+-----+--------+

Top non-repeatable levels by time:
     D:1: 1116 daAuts
     D:2: 709 daAuts
     D:3: 140 daAuts
